 Dungeon Crawl Stone Soup version 0.26.0-11-g8f856b5395 (webtiles) character file.

Game seed: 13411686943322711156

14222 shakesphere1979 the Fighter (level 11, -4/102 HPs)
             Began as a White Draconian Wanderer on Jan 14, 2021.
             Was a Priest of Nemelex Xobeh.
             Shot with an arrow by a centaur warrior (15 damage)
             ... on level 11 of the Dungeon.
             The game lasted 01:04:40 (19985 turns).

shakesphere1979 the Fighter (DrWn)                 Turns: 19985, Time: 01:04:41

Health: -4/102     AC: 11    Str: 17    XL:     11   Next: 85%
Magic:  21/21      EV: 16    Int: 13    God:    Nemelex Xobeh [***...]
Gold:   414        SH:  9    Dex: 20    Spells: 12/24 levels left

rFire    . . .     SeeInvis .   y - +6 whip "Loacaxzu" {pain, Fragile Int+4 Dex+5}
rCold    + . .     Faith    .   E - +1 kite shield
rNeg     . . .     Spirit   .   (armour unavailable)
rPois    +         Reflect  .   A - +2 hat
rElec    .         Harm     .   O - +0 cloak
rCorr    +         Rampage  .   D - +0 pair of gloves
Will     .....                  (no boots)
Stlth    +++.......             (no amulet)
HPRegen  0.27/turn              r - ring of resist corrosion
MPRegen  0.17/turn              e - ring of poison resistance

@: no status effects
A: breathe frost, unfitting armour, cold resistance 1, cold-blooded, AC +7
a: Breathe Frost, Renounce Religion, Draw Escape, Draw Destruction, Draw
Summoning, Triple Draw


You were on level 11 of the Dungeon.
You worshipped Nemelex Xobeh.
Nemelex Xobeh was most pleased with you.
You visited 1 branch of the dungeon, and saw 11 of its levels.

You collected 611 gold pieces.
You spent 197 gold pieces at shops.

Inventory:

Hand Weapons
 a - a +3 falchion
 b - a +0 shortbow
 i - a +1 rapier of electrocution
 x - a +0 hand axe of electrocution
 y - the +6 whip "Loacaxzu" (weapon) {pain, Fragile Int+4 Dex+5}
   (You found it on level 4 of the Dungeon)

   In the hands of one skilled in necromantic magic, it inflicts extra damage on
   living creatures.
   It affects your intelligence (+4).
   It affects your dexterity (+5).
   It will be destroyed if unequipped.
 z - a +0 shortbow
Missiles
 c - 217 arrows
 g - 263 stones
 q - 102 sling bullets
 u - 97 bolts
 w - 2 throwing nets
 G - 8 boomerangs
 J - 14 poisoned darts (quivered)
Armour
 d - a +0 buckler
 A - a +2 hat (worn)
 D - a +0 pair of gloves (worn)
 E - a +1 kite shield (worn)
 O - a +0 cloak (worn)
Jewellery
 e - a ring of poison resistance (right hand)
 k - an uncursed amulet of faith
 r - a ring of resist corrosion (left hand)
 B - an uncursed ring of poison resistance
Wands
 C - a wand of enslavement (14)
 M - a wand of iceblast (9)
 Q - a wand of random effects (11)
 R - a wand of flame (21)
Scrolls
 f - a scroll of brand weapon
 l - 4 scrolls of remove curse
 m - 5 scrolls of magic mapping
 n - a scroll of identify
 p - 2 scrolls of enchant armour
 L - a scroll of teleportation
 P - a scroll of silence
 S - a scroll of blinking
Potions
 h - 6 potions of attraction
 j - 3 potions of heal wounds
 o - a potion of ambrosia {unknown}
 s - 2 potions of flight
 t - 5 potions of curing
 v - a potion of degeneration {unknown}
 F - a potion of mutation {unknown}
 H - a potion of resistance {unknown}
 I - 3 potions of haste
 N - a potion of invisibility {unknown}
 T - a potion of might {unknown}
Miscellaneous
 K - a condenser vane


   Skills:
 + Level 11.3 Fighting
 - Level 4.1 Long Blades
 - Level 3.0 Axes
 + Level 2.6 Throwing
 - Level 8.0 Dodging
 + Level 4.1 Stealth
 - Level 1.0 Shields
 - Level 7.0 Spellcasting
 + Level 0.7 Necromancy
 - Level 10.0 Invocations
 + Level 4.1 Evocations


You had 12 spell levels left.
You knew the following spells:

 Your Spells              Type           Power        Failure   Level
a - Animate Skeleton      Necr           12%          56%         1
b - Corona                Hex            4%           67%         1
c - Slow                  Hex            4%           80%         2
d - Cause Fear            Hex            2%           100%        4
e - Sticky Flame          Conj/Fire      4%           100%        4

Your spell library contained the following spells:

 Spells                   Type           Power        Failure   Level
 Apportation              Tloc           8%           67%         1
 Foxfire                  Conj/Fire      16%          67%         1
 Summon Small Mammal      Summ           16%          67%         1
 Confusing Touch          Hex            4%           95%         3
 Conjure Flame            Conj/Fire      4%           95%         3
 Gell's Gravitas          Tloc           2%           95%         3
 Inner Flame              Hex/Fire       4%           95%         3
 Portal Projectile        Hex/Tloc       8%           95%         3
 Leda's Liquefaction      Hex/Erth       2%           100%        4
 Petrify                  Tmut/Erth      4%           100%        4
 Fireball                 Conj/Fire      2%           100%        5
 Metabolic Englaciation   Hex/Ice        2%           100%        5
 Yara's Violent Unravell  Hex/Tmut       2%           100%        5


Dungeon Overview and Level Annotations

Branches:
Dungeon (11/15)            Temple (0/1) D:6            Lair (0/6) D:10
    Orc: D:9-12

Altars:
Elyvilon
Hepliaklqana
Makhleb
Nemelex Xobeh
Qazlal
Ru
Uskayaw
Wu Jian
Xom
Yredelemnul
Zin
The Shining One
Beogh

Shops:
D:4 =   D:6 }   D:8 }   D:10 =   D:11 *

Annotations:
D:6 5 runed translucent doors, Snicker's ghost, weakling DsDe
D:10 1 exclusion


Innate Abilities, Weirdness & Mutations

You can breathe waves of freezing cold.
You can buffet flying creatures when you breathe cold.
Your icy white scales are hard. (AC +7)
You cannot fit into any form of body armour.
Your flesh is cold resistant. (rC+)
You are cold-blooded and may be slowed by cold attacks.


Message History

The arrow disappears in a puff of smoke!
Your centaur hits the centaur warrior.
The centaur warrior hits your centaur with a cursed -1 shortbow.
Your centaur unwields a +0 shortbow.
Your centaur barely misses the centaur warrior.
You have got your breath back.
Your centaur hits the jelly.
Your centaur is burned by acid!
The jelly hits your centaur.
Your centaur is splashed with acid.
Your centaur hits the jelly!
The jelly dies!
The centaur warrior shoots an arrow.
The arrow hits your centaur!
Your centaur dies!
Your centaur's corpse disappears in a puff of smoke!
The centaur warrior shoots an arrow.
The arrow hits you!
* * * LOW HITPOINT WARNING * * *
You see here an arrow.
The centaur warrior shoots an arrow.
The arrow hits you!
You die...
Your body glows with a rainbow of weird colours and disappears.

####### #.....# #.....# .....
##### #.....###### ... ##..<##
#.....#..... ... ##..>@.##
#.....#..... J..... #....(..#
#........... #.##.# #.......#
#.....#..... ####.##.# #.......#
#.....#.###. .....##.# ##.....##
#....[.)# ## ...(.##.#
##.....####....)[## # .....##.##
#.......#.......######
......#c.###c..................##
......Dhcc.D...................#


You could see a centaur warrior.

Vanquished Creatures
  Gastronok (D:9)
  Harold (D:10)
  2 two-headed ogres (D:10)
  Pikel (D:4)
  A cyclops (D:11)
  2 hornets (D:10)
  2 wyverns
  A wraith (D:11)
  17 yaks
  Sigmund (D:6)
  A steam dragon (D:8)
  3 wargs (D:10)
  An acid dragon (D:11)
  Edmund (D:5)
  Duvessa (D:6)
  An eye of draining (D:11)
  An orc warrior (D:10)
  6 ice beasts
  5 sky beasts
  2 black bears (D:9)
  3 phantoms
  5 ogres
  3 centaurs
  A lemure (D:5)
  2 big kobolds
  7 bullfrogs
  Dowan (D:6)
  5 scorpions
  A water moccasin skeleton (D:7)
  11 killer bees
  5 wights (D:6)
  2 howler monkeys (D:9)
  A bullfrog zombie (D:10)
  2 bullfrog skeletons
  2 jellies
  7 hounds
  6 orc priests
  3 orc wizards
  Ijyb (D:3)
  2 iguanas
  Terence (D:2)
  7 worker ants
  A killer bee zombie (D:7)
  2 hound skeletons
  Robin (D:3)
  14 gnolls
  5 adders
  2 shadow imps
  A white imp (D:6)
  2 adder skeletons
  An adder zombie (D:6)
  A worm (D:3)
  A dart slug (D:4)
  7 leopard geckos
  20 orcs
  3 giant cockroaches
  16 goblins
  14 hobgoblins
  22 jackals
  6 quokkas
  A ball python (D:2)
  8 bats
  7 frilled lizards
  16 kobolds
  A leopard gecko skeleton (D:4)
  A quokka skeleton (D:5)
  15 rats
297 creatures vanquished.

Vanquished Creatures (collateral kills)
  A gargoyle (D:11)
  A jelly (D:11)
2 creatures vanquished.

Vanquished Creatures (others)
  A centaur (D:9)
  2 plants (D:10)
3 creatures vanquished.

Grand Total: 302 creatures vanquished

Notes
Turn   | Place    | Note
-------+----------+-------------------------------------------
     0 | D:1      | shakesphere1979 the Draconian Wanderer began the quest for
                  | the Orb.
     0 | D:1      | shakesphere1979 set off with the following items: a +2
                  | falchion, a +0 shortbow, 26 arrows, a +0 buckler
     0 | D:1      | Reached XP level 1. HP: 14/14 MP: 1/1
   171 | D:1      | Reached XP level 2. HP: 22/22 MP: 2/2
   214 | D:1      | Reached skill level 1 in Fighting
   315 | D:1      | Reached skill level 1 in Dodging
   621 | D:1      | Reached XP level 3. HP: 24/28 MP: 3/3
  1594 | D:2      | Reached skill level 2 in Fighting
  2094 | D:2      | Reached XP level 4. HP: 36/36 MP: 4/4
  2213 | D:2      | Found a glowing golden altar of the Shining One.
  2596 | D:2      | Found an ornate altar of the Wu Jian Council.
  2790 | D:3      | Noticed Ijyb
  2791 | D:3      | Noticed Terence
  2814 | D:2      | Killed Terence
  3078 | D:3      | Reached XP level 5. HP: 37/42 MP: 5/5
  3556 | D:3      | Killed Ijyb
  3557 | D:3      | Reached skill level 3 in Fighting
  3639 | D:3      | Noticed Robin
  3677 | D:3      | Killed Robin
  4155 | D:3      | Found a burning altar of Makhleb.
  4554 | D:4      | Noticed an ogre
  4610 | D:4      | Found Taedgh's Jewellery Shop.
  4616 | D:4      | Noticed an ogre
  4640 | D:4      | Killed an ogre
  4641 | D:4      | Reached skill level 4 in Fighting
  4641 | D:4      | Reached XP level 6. HP: 9/52 MP: 6/6
  5073 | D:4      | Found a stormy altar of Qazlal.
  5168 | D:4      | Found a sparkling altar of Nemelex Xobeh.
  5269 | D:4      | Became a worshipper of Nemelex Xobeh the Trickster
  5690 | D:4      | Found a hide-covered altar of Uskayaw.
  5777 | D:4      | Found a white marble altar of Elyvilon.
  5794 | D:4      | Reached skill level 5 in Fighting
  5840 | D:4      | Reached skill level 1 in Invocations
  5840 | D:4      | Your scales start taking on an icy white colour.
  5840 | D:4      | Reached XP level 7. HP: 58/61 MP: 7/7
  5840 | D:4      | Gained mutation: Your flesh is cold resistant. (rC+) [White
                  | Draconian growth]
  6166 | D:4      | Got a scorched whip
  6170 | D:4      | Identified the +6 whip "Loacaxzu" {pain, Fragile Int+4
                  | Dex+5} (You found it on level 4 of the Dungeon)
  6312 | D:5      | Entered Level 5 of the Dungeon
  6588 | D:5      | Noticed Pikel
  6590 | D:5      | Reached * piety under Nemelex Xobeh
  6708 | D:4      | Killed Pikel
  6709 | D:4      | Reached skill level 6 in Fighting
  6709 | D:4      | Reached skill level 5 in Dodging
  6709 | D:4      | Reached XP level 8. HP: 29/71 MP: 8/10
  6953 | D:5      | Received a gift from Nemelex Xobeh
  6994 | D:5      | Found a burning altar of Makhleb.
  7204 | D:5      | Found a sacrificial altar of Ru.
  7649 | D:5      | Noticed Edmund
  7661 | D:5      | Killed Edmund
  8014 | D:6      | Noticed Sigmund
  8051 | D:6      | Killed Sigmund
  8052 | D:6      | Reached skill level 7 in Fighting
  8118 | D:6      | Found a runed translucent door.
  8124 | D:6      | Found a runed translucent door.
  8139 | D:6      | Reached skill level 5 in Invocations
  8422 | D:6      | Found Innothra's Gadget Boutique.
  8431 | D:6      | Bought a wand of enslavement (14) for 176 gold pieces
  8448 | D:6      | Found a staircase to the Ecumenical Temple.
  8462 | D:6      | Reached skill level 8 in Fighting
  8613 | D:6      | Noticed Duvessa
  8618 | D:6      | Killed Duvessa
  8619 | D:6      | Reached XP level 9. HP: 81/81 MP: 12/12
  8695 | D:6      | Noticed Dowan
  8730 | D:6      | Killed Dowan
  8731 | D:6      | Reached skill level 1 in Spellcasting
  8731 | D:6      | Reached skill level 1 in Evocations
  8735 | D:6      | Found a runed translucent gate.
  8736 | D:6      | Found a runed translucent gate.
  8737 | D:6      | Found a runed translucent gate.
  8737 | D:6      | Noticed Snicker's ghost (weakling DsDe)
  8750 | D:6      | Found a roughly hewn altar of Beogh.
  8910 | D:6      | Found a basalt altar of Yredelemnul.
  9185 | D:6      | Identified the +2 scale mail "Zakuzyul" {-Cast rPois MP+9
                  | SInv}
 10041 | D:7      | Found a hazy altar of Hepliaklqana.
 10042 | D:7      | Found a shimmering altar of Xom.
 10043 | D:7      | Noticed a spectral ugly thing
 10419 | D:8      | Reached ** piety under Nemelex Xobeh
 10496 | D:8      | Received a gift from Nemelex Xobeh
 10735 | D:8      | Reached skill level 9 in Fighting
 11520 | D:8      | Reached skill level 10 in Fighting
 11674 | D:8      | Reached XP level 10. HP: 88/93 MP: 15/15
 11782 | D:8      | Received a gift from Nemelex Xobeh
 11906 | D:8      | Found Bikhlos's Gadget Emporium.
 11993 | D:8      | Upgraded the game from 0.26.0-10-g1f06aea511 to
                  | 0.26.0-11-g8f856b5395
 12827 | D:9      | Reached skill level 11 in Fighting
 13218 | D:9      | Received a gift from Nemelex Xobeh
 13352 | D:9      | Noticed Gastronok
 14153 | D:9      | Killed Gastronok
 14439 | D:10     | Entered Level 10 of the Dungeon
 14445 | D:10     | Reached *** piety under Nemelex Xobeh
 14772 | D:10     | Reached skill level 5 in Spellcasting
 15310 | D:10     | Noticed Maurice
 15311 | D:10     | Noticed Maurice
 15311 | D:10     | Maurice changed into Maurice the goblin
 15319 | D:10     | Killed Maurice the goblin
 15353 | D:10     | Found Ymuux's Jewellery Emporium.
 15361 | D:10     | Noticed a two-headed ogre
 15370 | D:10     | Reached XP level 11. HP: 102/102 MP: 18/18
 15380 | D:10     | Killed a two-headed ogre
 15382 | D:10     | Noticed a two-headed ogre
 16154 | D:10     | HP: 2/102 [warg (12)]
 16441 | D:10     | Killed a two-headed ogre
 16968 | D:10     | Found a staircase to the Lair.
 17626 | D:11     | Noticed Harold
 17654 | D:10     | Killed Harold
 17655 | D:10     | Reached skill level 10 in Invocations
 18270 | D:11     | Received a gift from Nemelex Xobeh
 18281 | D:11     | Found Cukiqic's Assorted Antiques.
 18289 | D:11     | Bought a scroll labelled FEUGIO ISMIJE for 21 gold pieces
 19161 | D:11     | Learned a level 1 spell: Animate Skeleton
 19163 | D:11     | Learned a level 1 spell: Corona
 19166 | D:11     | Learned a level 2 spell: Slow
 19171 | D:11     | Learned a level 4 spell: Cause Fear
 19176 | D:11     | Learned a level 4 spell: Sticky Flame
 19183 | D:11     | Found a glowing silver altar of Zin.
 19957 | D:11     | Noticed a centaur warrior
 19985 | D:11     | Shot with an arrow by a centaur warrior

Illustrated notes

Levels and vault maps discovered:
D:1:      evilmike_arrival_home_sweet_home, layout_basic,
          minmay_rat_gold_closets
D:2:      layout_loops_cross, nicolae_tso_swordbearing_angel, lemuel_round_altar
D:3:      layout_basic, nicolae_overflow_crystal_walls, uniq_robin, uniq_ijyb,
          uniq_terence
D:4:      layout_basic, grunt_qazlal_clouds, kennysheep_mini_moat,
          elyvilon_altar_3, old_standard_altar, serial_shops, shop
D:5:      layout_basic, nicolae_ru_sacrificial_ziggurat, bloody_makhleb,
          uniq_edmund, uniq_pikel
D:6:      lemuel_insect_pit, layout_cave_pods, lemuel_doored_altar,
          minmay_temple_entry_large_hall, serial_shops, nicolae_shop_stone,
          biasface_ghost_orc_armoury, uniq_sigmund, uniq_duvessa
D:7:      layout_cave_pools, regret_index_temple_of_mockery,
          kennysheep_small_circle
D:8:      layout_loops_corners, serial_shops, nicolae_shop_trees
D:9:      layout_gridville, uniq_gastronok
D:10:     layout_basic, erik_lair_orcish_takeover, serial_shops, shop,
          uniq_maurice
D:11:     layout_rooms, serial_shops, shop, shop, lemuel_altar_in_water,
          uniq_harold

Skill      XL: |  1  2  3  4  5  6  7  8  9 10 11 |
---------------+----------------------------------+-----
Fighting       | 1 2 4 5 6 8 10 11 | 11.3
Dodging        | 1 2 3 4 5 6 7 8 |  8.0
Stealth        | 2 3 4 |  4.1
Invocations    | 1 3 5 7 8 10 | 10.0
Spellcasting   | 3 5 7 |  7.0
Evocations     | 3 4 |  4.1
Throwing       | 2 |  2.6
Long Blades    | |  4.1
Axes           | |  3.0
Shields        | |  1.0
Necromancy     | |  0.7

Action                   |  1- 3 |  4- 6 |  7- 9 | 10-12 || total
-------------------------+-------+-------+-------+-------++-------
Melee: Falchion          |   108 |   204 |    10 |       ||   322
       Tailslap          |    14 |    30 |    80 |   156 ||   280
       Whip              |       |       |   398 |   640 ||  1038
Throw: Dart              |       |       |       |    30 ||    30
Invok: Draw Destruction  |       |       |     7 |    11 ||    18
       Draw Escape       |       |       |       |     5 ||     5
       Draw Summoning    |       |       |       |     3 ||     3
 Abil: Breathe Frost     |       |       |     3 |     9 ||    12
Evoke: Wand              |       |     5 |       |       ||     5
  Use: Scroll            |       |     1 |    12 |     7 ||    20
       Potion            |       |       |     8 |     2 ||    10
 Stab: Sleeping          |    10 |     8 |     6 |     4 ||    28
       Distracted        |       |     1 |       |     1 ||     2
Armor: Skin              |    32 |    38 |    91 |   147 ||   308
Dodge: Dodged            |    63 |   130 |   266 |   362 ||   821
Block: Buckler           |    29 |    29 |    52 |       ||   110
       Kite shield       |       |       |    87 |   311 ||   398
       Rpst.: Falchion   |    17 |    40 |     2 |       ||    59
